 Dungeon Sprint DCSS version 0.24-a0-250-g6074511092 (webtiles) character file.

Game seed: 1758877592179952943

49 Redear the Skirmisher (level 3, 0/45 HPs)
             Began as a Demonspawn Fighter on Apr 15, 2019.
             Drowned by a water elemental (4 damage)
             ... in the Dungeon (Sprint III: "The Ten Rune Challenge").
             The game lasted 00:01:38 (182 turns).

Redear the Skirmisher (Demonspawn Fighter)           Turns: 182, Time: 00:01:39

Health: 0/45       AC:  9    Str: 21    XL:     3   Next: 53%
Magic:  3/3        EV: 11    Int:  7    God:
Gold:   16         SH:  0    Dex: 13    Spells: 2/2 levels left

rFire    + . .     SeeInvis .     - Unarmed
rCold    . . .     Gourm    .   (no shield)
rNeg     . . .     Faith    .   a - +0 scale mail
rPois    .         Spirit   .   (helmet restricted)
rElec    .         Reflect  .   (no cloak)
rCorr    .         Harm     .   (no gloves)
MR       .....     NoTele   +   (no boots)
Stlth    ..........             (no amulet)
HPRegen  0.15/turn              (no ring)
MPRegen  0.08/turn              (no ring)

@: berserking, engulfed (cannot breathe), very quick
A: antennae 1, talons 1, molten scales 1, dopey 1, fire resistance 1, powered by
death 1, MP-powered wands
a: no special abilities


You were in the Dungeon.
You were not hungry.

You visited 1 branch You collected 16 gold pieces.

Inventory:

Armour
 a - a +0 scale mail (worn)
 b - a +0 shield
 d - a +0 leather armour
Scrolls
 f - 2 scrolls of immolation {unknown}
 j - 2 scrolls of remove curse {unknown}
 B - 2 scrolls of blinking {@r4}
 R - 3 scrolls of identify {@r1}
Potions
 c - a potion of might {Str+5 DMG+1d10 | @q3}
 e - a potion of mutation {!q}
 h - 2 potions of magic
 k - a potion of degeneration {unknown}
 l - 2 potions of flight {unknown}
 H - a potion of haste {@q5}
 Q - a potion of curing {@q2}
Comestibles
 g - 4 chunks of flesh
 z - 3 rations


   Skills:
 + Level 4.3 Fighting
 + Level 3.9 Armour
 + Level 2.6 Dodging
 + Level 3.9 Shields
 + Level 3.3 Unarmed Combat


You had 2 spell levels left.
You didn't know any spells.
Your spell library was empty.

Dungeon Overview and Level Annotations

Branches:
Dungeon (1/1)

Altars:


Innate Abilities, Weirdness & Mutations

You have sharp toenails.
You regenerate a little health from kills.
You have a pair of small antennae on your head.
You are partially covered in molten scales. (AC +2)
You are dopey. (Int -2)
Your flesh is heat resistant. (rF+)
You expend magic power (3 MP) to strengthen your wands.


Message History

The water elemental hits you.
The water elemental engulfs you in water!
There is an open door to the Ecumenical Temple here.
You take 1 damage, and have 29/30 hp.
You hit the water elemental but do no damage.
Your kick misses the water elemental.
Your lungs strain for air!
The water elemental hits you!
You take 15 damage, and have 14/30 hp.
MASSIVE DAMAGE!!
Unknown command.
Sorry, you're not good enough to have a special ability.
Unknown command.
A red film seems to cover your vision as you go berserk!
You feel yourself moving faster!
You feel mighty!
Your lungs strain for air!
The water elemental hits you!
* * * LOW HITPOINT WARNING * * *
You now have 4/45 hp.
You hit the water elemental but do no damage.
You die...

▓▓▓▓▓▓▓ ▓▓▓ ..#...####
##.# ..#......#####..#
.##...[...#..#..#
#.##.##...#..#..###+#+##
#.##.###..##'#..#.......
.####.##..###...@.⌠.....
###..##.†####...#E..####
..†..##..###....#.⌠.#
##..##...##.....#...#
#..##....#†.....#+###
..###..##.#.....# ..#
#..#####....# ▓▓▓ ▓▓▓▓
▓▓▓▓▓▓


You could see a water elemental.

Vanquished Creatures
  Jessica (D)
  A human (D)
  A phantom (D)
  3 rats (D)
6 creatures vanquished.

Vanquished Creatures (others)
  2 yaktaurs (D)
  6 hellions (D)
  A plant (D)
9 creatures vanquished.

Grand Total: 15 creatures vanquished

Notes
Turn   | Place    | Note
-------+----------+-------------------------------------------
     0 | D        | Redear the Demonspawn Fighter began the quest for the Orb.
     0 | D        | Reached XP level 1. HP: 18/18 MP: 1/1
    20 | D        | Reached skill level 2 in Unarmed Combat
    33 | D        | Noticed Jessica
    43 | D        | Killed a yaktaur
    45 | D        | Killed Jessica
    45 | D        | Reached skill level 3 in Armour
    45 | D        | Reached skill level 2 in Dodging
    45 | D        | Reached skill level 3 in Shields
    45 | D        | Gained mutation: You have sharp toenails. [demonic
                  | ancestry]
    45 | D        | Reached XP level 2. HP: 23/25 MP: 2/2
    56 | D        | Reached skill level 4 in Fighting
    87 | D        | Reached skill level 3 in Unarmed Combat
    87 | D        | Gained mutation: You regenerate a little health from kills.
                  | [demonic ancestry]
    87 | D        | Reached XP level 3. HP: 29/30 MP: 3/3
   114 | D        | Killed a hellion
   114 | D        | Killed a hellion
   115 | D        | Killed a hellion
   117 | D        | Killed a hellion
   117 | D        | Killed a hellion
   120 | D        | Gained mutation: You are partially covered in molten
                  | scales. (AC +2) [potion of mutation]
   120 | D        | Gained mutation: Armour fits poorly on your strangely
                  | shaped body. [potion of mutation]
   120 | D        | Gained mutation: You have a pair of small antennae on your
                  | head. [potion of mutation]
   120 | D        | Gained mutation: Your mind is acute. (Int +2) [potion of
                  | mutation]
   150 | D        | Killed a hellion
   176 | D        | Lost mutation: Armour fits poorly on your strangely shaped
                  | body. [potion of mutation]
   176 | D        | Lost mutation: You have a pair of small antennae on your
                  | head. [potion of mutation]
   176 | D        | Lost mutation: Your mind is acute. (Int +2) [potion of
                  | mutation]
   176 | D        | Gained mutation: You have a pair of small antennae on your
                  | head. [potion of mutation]
   176 | D        | Gained mutation: You expend magic power (3 MP) to
                  | strengthen your wands. [potion of mutation]
   176 | D        | Gained mutation: You are dopey. (Int -2) [potion of
                  | mutation]
   176 | D        | Gained mutation: Your flesh is heat resistant. (rF+)
                  | [potion of mutation]
   176 | D        | Killed a yaktaur
   178 | D        | Noticed a water elemental
   181 | D        | HP: 4/45 [water elemental (12)]
   182 | D        | Drowned by a water elemental

Levels and vault maps discovered:
D:        dungeon_sprint_mu [sprint_mu_entry_cave, sprint_mu_temple_rooms,
          sprint_mu_d1_horrors, sprint_mu_d2_genie, sprint_mu_d3_branching,
          sprint_mu_orc_legion, sprint_mu_elf_gauntlet, sprint_mu_hive_nellie,
          sprint_mu_lair_fedhas, sprint_mu_vaults_butterflies,
          sprint_mu_slime_circle, sprint_mu_swamp_cave, sprint_mu_shoals_kraken,
          sprint_mu_blade_basic, sprint_mu_crypt_lich, sprint_mu_tomb_spiral,
          sprint_mu_vestibule_basic, sprint_mu_gehenna_hellfire,
          sprint_mu_dis_giant, sprint_mu_tartarus_statrot,
          sprint_mu_cocytus_islands, sprint_mu_zot1]

Skill      XL: |  1  2 |
---------------+-------+-----
Unarmed Combat | 2 3 |  3.3
Armour         | 3 |  3.9
Dodging        | 2 |  2.6
Shields        | 3 |  3.9
Fighting       | 4 |  4.3

Action                   || total
-------------------------++-------
Melee: Unarmed           ||    45
       Kick              ||     6
       Punch             ||     1
  Use: Potion            ||     4
Armor: Scale mail        ||     8
Dodge: Dodged            ||    21

Table legend:
 A = Non-vault XP
 B = Vault XP
 C = Vault XP percentage of total XP
 D = Non-vault monster count
 E = Vault monster count
 F = Vault count percentage of total count
                 A         B        C        D         E       F
            +---------+---------+-------+---------+---------+-------
      Total |       0 |      71 | 100.0 |       0 |       6 | 100.0
            +---------+---------+-------+---------+---------+-------
          D |       0 |      71 | 100.0 |       0 |       6 | 100.0
            +---------+---------+-------+---------+---------+-------
